 Dungeon Sprint DCSS version 0.28.0-53-g5a82cb258f (webtiles) character file.

Game seed: 7020704270180004668

2600000 Zeld the Acrobat (level 18, -6/163 HPs)
             Began as a Djinni Monk on May 27, 2022.
             Was a High Priest of Makhleb.
             Mangled by a meat berserker
             ... wielding a +9 battleaxe
              (69 damage)
             ... in the Dungeon (Sprint VIII: "Arena of Blood").
             The game lasted 00:00:51 (26 turns).

Zeld the Acrobat (Djinni Monk)                        Turns: 26, Time: 00:00:51

Health: -6/163     AC:  2    Str: 16    XL:     18   Next: 15%
Gold:   0          EV: 27    Int: 15    God:    Makhleb [*****.] SH:  0 Dex: 15

rFire   + + .      SeeInvis .   g - +∞ Axe of Woe
rCold   x . .      Faith    .   (shield currently unavailable)
rNeg    . . .      Spirit   .   a - +0 robe
rPois   ∞          Reflect  .   (no helmet)
rElec   .          Harm     .   (no cloak)
rCorr   .          Rampage  .   (no gloves)
Will    +....      NoTele   +   (boots unavailable)
Stlth   ++........              (no amulet)
HPRegen 0.37/turn               (no ring)
MPRegen 0.00/turn               (no ring)

@: flying
A: sickness immunity, fire resistance 2, cold vulnerability 1, float, innate
caster, HP casting, extra vitality 1
a: Renounce Religion, Minor Destruction, Lesser Servant of Makhleb, Major
Destruction, Greater Servant of Makhleb


You were in the Dungeon.
You worshipped Makhleb.
Makhleb was extremely pleased with you.
You visited 1 branch

Inventory:

Hand Weapons
 g - the +∞ Axe of Woe (weapon)
   (You found it in the Dungeon)
Armour
 a - a +0 robe (worn)
Scrolls
 f - a scroll of blinking
Potions
 b - a potion of curing
 c - a potion of heal wounds
 d - a potion of haste
 e - a potion of berserk rage


   Skills:
 + Level 25.3 Fighting
 * Level 22.4 Axes
 + Level 26.3 Dodging
 - Level 1.5 Stealth
 - Level 3.0 Unarmed Combat
 * Level 19.0 Spellcasting
 * Level 23.5 Invocations


You had 24 spell levels left.
You knew the following spells:

 Your Spells              Type           Power      Damage    Failure   Level
a - Pain                  Necr           100%       1d9       0%          1
b - Call Imp              Summ           64%        N/A       0%          2
c - Call Canine Familiar  Summ           64%        N/A       0%          3
d - Airstrike             Air            32%        N/A       0%          4
e - Animate Armour        Summ/Erth      100%       N/A       0%          4
f - Summon Mana Viper     Hex/Summ       64%        N/A       1%          5
g - Conjure Ball Lightni  Conj/Air       32%        3x3d10    1%          6
h - Summon Cactus Giant   Summ           32%        N/A       1%          6
Your spell library was empty.

Dungeon Overview and Level Annotations

Branches:
Dungeon (1/1)

Altars:
Makhleb


Innate Abilities, Weirdness & Mutations

You are immune to sickness and miasma.
You are immune to poison.
Your flesh is very heat resistant. (rF++)
You are vulnerable to cold. (rC-)
You float through the air rather than walking.
You learn spells naturally, not from books.
Your magical power is your life essence.
You have superior vitality. (+4 MHP)


Message History

The meat berserker is lightly wounded.
The blast of lightning engulfs you!!
The blast of lightning engulfs your ball lightning.
Your ball lightning completely resists.
The blast of lightning engulfs your mana viper!
You kill your mana viper!
Your mana viper disappears in a puff of smoke!
The blast of lightning engulfs the meat berserker!
The meat berserker is lightly wounded.
The blast of lightning engulfs the bag of meat!!
The bag of meat is lightly wounded.
The blast of lightning engulfs your ball lightning.
Your ball lightning completely resists.
You hear a shout!
Your ball lightning explodes!
The blast of lightning engulfs the bag of meat!!
The bag of meat is lightly wounded.
The blast of lightning engulfs your ball lightning.
Your ball lightning completely resists.
The blast of lightning engulfs the large bag of meat!
Flame seeps out of the large bag of meat.
The large bag of meat is lightly wounded.
The blast of lightning engulfs you!
The blast of lightning engulfs the meat berserker!
The meat berserker is lightly wounded.
Your ball lightning explodes!
The blast of lightning engulfs the bag of meat!!
The bag of meat is lightly wounded.
The blast of lightning engulfs you!!
The blast of lightning engulfs the meat berserker!!
The meat berserker is lightly wounded.
The blast of lightning engulfs the large bag of meat!
Flame seeps out of the large bag of meat.
The large bag of meat is lightly wounded.
A bag of meat comes into view. It is wielding a +9 war axe. x2
You hear a shout! x4
The large bag of meat is engulfed in blazing flames.
You hear a shout! x2
The meat berserker hits you with a +9 battleaxe!!!
You die...

.. .. o. .. #O
.# #.. ..#
.###.O o.###.
......###......
......O_.......
....#.)O).#....
. #C§@)_# .
#.)O).#
.o.O._O....
......###o.....
.###.. o.###.
#.. o.# #.. ..#
.. ..


You could see 4 large bags of meat, 3 meat berserkers, 6 bags of meat and a
friendly cactus giant (summoned).

Vanquished Creatures
  6 ogres (D)
  10 orcs (D)
16 creatures vanquished.

Vanquished Creatures (others)
  6 ball lightnings (D)
6 creatures vanquished.

Grand Total: 22 creatures vanquished

Notes
Turn   | Place    | Note
-------+----------+-------------------------------------------
     0 | D        | Found the +∞ Axe of Woe
     0 | D        | Zeld the Djinni Monk began the quest for the Orb.
     0 | D        | Reached XP level 1. HP: 20/20 MP: 0/0
     2 | D        | Noticed a bag of meat
     4 | D        | Became a worshipper of Makhleb the Destroyer
     4 | D        | Reached * piety under Makhleb
     4 | D        | Reached ** piety under Makhleb
     4 | D        | Noticed a meat berserker
     5 | D        | Noticed a bag of meat
     6 | D        | Noticed a bag of meat
     6 | D        | Noticed a meat berserker
     6 | D        | Noticed a bag of meat
     6 | D        | Noticed a meat berserker
     6 | D        | Noticed a bag of meat
     7 | D        | Killed a meat berserker
     8 | D        | Reached skill level 15 in Dodging
     8 | D        | Reached skill level 10 in Spellcasting
     8 | D        | Reached XP level 2. HP: 42/42 MP: 0/0
     8 | D        | Reached XP level 3. HP: 48/48 MP: 0/0
     8 | D        | Learned a level 1 spell: Pain
     8 | D        | Reached XP level 4. HP: 54/54 MP: 0/0
     8 | D        | Reached XP level 5. HP: 59/59 MP: 0/0
     8 | D        | Learned a level 2 spell: Call Imp
     8 | D        | Reached XP level 6. HP: 66/66 MP: 0/0
     8 | D        | Reached XP level 7. HP: 71/71 MP: 0/0
     8 | D        | Learned a level 3 spell: Call Canine Familiar
     8 | D        | Reached XP level 8. HP: 77/77 MP: 0/0
     8 | D        | Reached XP level 9. HP: 83/83 MP: 0/0
     8 | D        | Learned a level 4 spell: Airstrike
     8 | D        | Reached XP level 10. HP: 89/89 MP: 0/0
     8 | D        | Reached XP level 11. HP: 94/94 MP: 0/0
     8 | D        | Learned a level 4 spell: Animate Armour
     8 | D        | Reached XP level 12. HP: 101/101 MP: 0/0
    10 | D        | Noticed a meat berserker
    11 | D        | Killed a bag of meat
    11 | D        | Killed a meat berserker
    11 | D        | Killed a meat berserker
    11 | D        | Reached *** piety under Makhleb
    12 | D        | Reached skill level 20 in Dodging
    12 | D        | Reached XP level 13. HP: 96/116 MP: 0/0
    12 | D        | Learned a level 5 spell: Summon Mana Viper
    12 | D        | Reached XP level 14. HP: 102/123 MP: 0/0
    12 | D        | Noticed a bag of meat
    12 | D        | Killed a meat berserker
    12 | D        | Killed a bag of meat
    12 | D        | Noticed a meat berserker
    12 | D        | Noticed a bag of meat
    13 | D        | Reached skill level 15 in Axes
    13 | D        | Reached skill level 22 in Dodging
    13 | D        | Reached skill level 15 in Spellcasting
    13 | D        | Reached XP level 15. HP: 110/132 MP: 0/0
    13 | D        | Learned a level 6 spell: Conjure Ball Lightning
    13 | D        | Reached **** piety under Makhleb
    14 | D        | Killed a meat berserker
    14 | D        | Noticed a meat berserker
    15 | D        | Reached skill level 23 in Dodging
    15 | D        | Reached XP level 16. HP: 143/143 MP: 0/0
    15 | D        | Reached ***** piety under Makhleb
    16 | D        | Reached skill level 24 in Dodging
    16 | D        | Reached XP level 17. HP: 151/151 MP: 0/0
    16 | D        | Learned a level 6 spell: Summon Cactus Giant
    18 | D        | Noticed a large bag of meat
    19 | D        | Noticed a meat berserker
    20 | D        | Reached skill level 25 in Dodging
    20 | D        | Killed a meat berserker
    20 | D        | Noticed a large bag of meat
    22 | D        | Reached skill level 26 in Dodging
    22 | D        | Noticed a meat berserker
    22 | D        | Noticed a large bag of meat
    23 | D        | Noticed a meat berserker
    24 | D        | Reached XP level 18. HP: 163/163 MP: 0/0
    25 | D        | Noticed a large bag of meat
    26 | D        | Mangled by a meat berserker

Illustrated notes

Levels and vault maps discovered:
D:        meatsprint

Skill      XL: |  1  2  3  4  5  6  7  8  9 10 11 12 13 14 15 16 17 |
---------------+----------------------------------------------------+-----
Fighting       | 14 19 20 22 23 25 | 25.3
Axes           | 11 14 15 17 18 22 | 22.4
Dodging        | 15 20 22 23 24 26 | 26.3
Spellcasting   | 10 13 15 16 17 19 | 19.0
Invocations    | 13 17 19 20 21 23 | 23.5
Stealth        | |  1.5
Unarmed Combat | |  3.0

Action                   |  1- 3 |  4- 6 |  7- 9 | 10-12 | 13-15 | 16-18 || total
-------------------------+-------+-------+-------+-------+-------+-------++-------
Melee: Executioner's axe |     1 |       |       |     1 |     3 |     5 ||    10
 Cast: Call Canine Famil |       |       |       |     1 |       |       ||     1
       Conjure Ball Ligh |       |       |       |       |       |     2 ||     2
       Summon Cactus Gia |       |       |       |       |       |     2 ||     2
       Summon Mana Viper |       |       |       |       |       |     1 ||     1
Dodge: Dodged            |     1 |       |       |       |       |       ||     1
